 Dungeon Crawl Stone Soup version 0.28-a0-991-g956f0ee3d5 (webtiles) character file.

Game seed: 13086003462341573393

14000 oldriver the Thaumaturge (level 11, -11/123 HPs)
             Began as a Yellow Draconian Conjurer on Dec 5, 2021.
             Was a Priest of Vehumet.
             Killed from afar by a lindwurm (36 damage)
             ... with a blast of flame
             ... on level 1 of the Lair of Beasts.
             The game lasted 00:19:42 (17247 turns).

oldriver the Thaumaturge (DrCj)                    Turns: 17247, Time: 00:19:44

Health: -11/123    AC: 25    Str: 10    XL:     11   Next: 83%
Magic:  11/27      EV:  2    Int: 22    God:    Vehumet [***...]
Gold:   754        SH:  5    Dex: 12    Spells: 23/34 levels left

rFire   . . .      SeeInvis .   m - +3 quarterstaff (flame)
rCold   . . .      Faith    .   (shield currently unavailable)
rNeg    + . .      Spirit   .   (armour unavailable)
rPois   +          Reflect  +   (helmet currently unavailable)
rElec   .          Harm     .   (cloak currently unavailable)
rCorr   .          Rampage  .   (gloves currently unavailable)
Will    .....      NoTele   +   (boots currently unavailable)
Stlth   ++........              i - amulet of reflection
HPRegen 0.30/turn               k - ring of wizardry
MPRegen 0.20/turn               g - ring of positive energy

@: tree-form
A: stationary, stasis, torment immunity, boosted hp, (spit acid), AC +7,
unfitting armour, (cold-blooded), (acid resistance), (antennae 1), agile 1,
(teleportitis 1), subdued magic 1
a: Renounce Religion


You were on level 1 of the Lair of Beasts.
You worshipped Vehumet.
Vehumet was most pleased with you.
You were a tree.
You visited 3 branches of the dungeon, and saw 13 of its levels.

You collected 754 gold pieces.

Inventory:

Hand Weapons
 m - a +3 quarterstaff of flaming (weapon)
Missiles
 y - 3 throwing nets
Armour
 e - a +1 hat (melded)
 n - a +0 cloak (melded)
Jewellery
 g - a ring of positive energy (right branch)
 i - an amulet of reflection (around neck)
 k - a ring of wizardry (left branch)
 l - a ring of fire
 w - a ring of ice
 z - a ring of protection from fire
 A - a +6 ring of strength
 C - a ring of magical power
Wands
 j - a wand of acid (9)
 B - a wand of polymorph (6)
Scrolls
 c - 8 scrolls of identify
 d - 3 scrolls of fear
 h - 5 scrolls of teleportation
 p - 2 scrolls of vulnerability
 r - 3 scrolls of fog
 s - a scroll of magic mapping {unknown}
 u - a scroll of holy word
 x - a scroll of enchant weapon
 E - a scroll of amnesia
Potions
 a - a potion of attraction
 b - 3 potions of haste
 f - 6 potions of curing
 o - a potion of lignification
 q - a potion of brilliance
 t - a potion of ambrosia
 v - a potion of mutation


   Skills:
 + Level 3.0 Fighting
 + Level 1.4 Staves
 + Level 4.0 Dodging
 + Level 4.3 Stealth
 + Level 3.2 Shields
 - Level 0.4 Unarmed Combat
 * Level 12.3 Spellcasting
 + Level 9.1 Conjurations
 * Level 5.1 Hexes
 * Level 6.3 Translocations
 + Level 0.1 Evocations


You had 23 spell levels left.
You knew the following spells:

 Your Spells              Type           Power      Damage    Failure   Level
a - Magic Dart            Conj           100%       1d8       1%          1
b - Searing Ray           Conj           82%        2d7       1%          2
c - Iskenderun's Mystic   Conj/Tloc      36%        2d9       1%          4
d - Fulminant Prism       Conj/Hex       17%        3d11      1%          4

Your spell library contained the following spells:

 Spells                   Type           Power      Damage    Failure   Level
 Frozen Ramparts          Ice            20%        1d4       1%          3
 Poisonous Vapours        Pois/Air       20%        N/A       1%          2
 Dazzling Flash           Conj/Hex       68%        N/A       1%          3
 Corpse Rot               Necr/Air       20%        N/A       2%          2
 Summon Forest            Summ/Tloc      10%        N/A       12%         5
 Eringya's Noxious Bog    Tmut/Pois      5%         N/A       50%         6
 Summon Hydra             Summ           5%         N/A       100%        7


Dungeon Overview and Level Annotations

Branches:
Dungeon (11/15)            Temple (1/1) D:7            Lair (1/6) D:9
    Orc: D:9-12

Altars:
Ashenzari
Cheibriados
Dithmenos
Elyvilon
Fedhas
Gozag
Hepliaklqana
Kikubaaqudgha
Makhleb
Nemelex Xobeh
Okawaru
Qazlal
Ru
Sif Muna
Trog
Uskayaw
Vehumet
Wu Jian
Xom
Yredelemnul
Zin
The Shining One

Shops:
D:8 !   D:10 (

Annotations:
D:4 4 runed translucent doors
D:6 2 runed translucent doors, ytrimaz's ghost, novice OpCj
D:10 3 runed translucent doors, IdlyInterested's ghost, journeyman DsMo


Innate Abilities, Weirdness & Mutations

You are a tree.
Your roots penetrate the ground, keeping you stationary.
You cannot be teleported.
You are immune to unholy pain and torment.
Your maximum health is greatly increased.
Your equipment is partially melded.
((You can spit globs of acid.))
((Your golden yellow scales are hard. (AC +7)))
You cannot fit into any form of body armour.
((You are cold-blooded and may be slowed by cold attacks.))
((You are resistant to acid. (rCorr)))
((You have a pair of small antennae on your head.))
You are agile. (Dex +2)
((You are occasionally teleported next to monsters.))
Your spells are a little easier to cast, but a little less powerful.


Message History

The blast of flame hits you!!
The searing ray hits the lindwurm.
The lindwurm is moderately wounded.
Casting: Searing Ray (safe; 1% risk of failure)
Confirm with . or Enter, or press ? or * to list all spells.
Aiming: Searing Ray (safe; 1% risk of failure)
Press: ? - help, Shift-Dir - straight line, f/p - lindwurm
Aim: a lindwurm (lightly wounded, 91% to hit)
The searing ray hits the lindwurm.
The lindwurm is moderately wounded. (Press . to maintain the ray.)
The lindwurm breathes flames at you. The blast of flame hits you!!
* * * LOW HITPOINT WARNING * * *
Casting: Searing Ray (safe; 1% risk of failure)
Confirm with . or Enter, or press ? or * to list all spells.
You erupt in a blast of force!
The mystic blast hits the lindwurm!
The lindwurm is heavily wounded.
The lindwurm is knocked back by the mystic blast.
It was a potion of lignification.
You turn into a tree.
Your +0 cloak melds into your body.
Your +1 hat melds into your body.
Your roots penetrate the ground.
You hit the lindwurm. You burn the lindwurm.
The lindwurm is heavily wounded.
The lindwurm bites you!
* * * LOW HITPOINT WARNING * * *
The lindwurm claws you but does no damage. x2
Casting: Iskenderun's Mystic Blast (safe; 1% risk of failure)
Confirm with . or Enter, or press ? or * to list all spells.
You erupt in a blast of force!
The mystic blast hits the lindwurm.
The lindwurm is severely wounded.
The lindwurm is knocked back by the mystic blast.
Casting: Iskenderun's Mystic Blast (safe; 1% risk of failure)
Confirm with . or Enter, or press ? or * to list all spells.
You erupt in a blast of force!
The mystic blast hits the lindwurm but does no damage.
The lindwurm is severely wounded.
The lindwurm breathes flames at you. The blast of flame hits you!!!
You die...

##........###.P##.###...#
..........##...#######..#
............#..≈# #≈###.#
####........#..§# /§###.#
#..#######..## §§§#..#
#..# #≈..≈# ..###.# ##..#
#...## §.≈##.# ###...####
##..≈##..###.#
#..#..P#P###....♣k§.##..#
...........##......§§#..#
............#.≈≈#§§§###.#
######.####P######### #.#
### ### ###


You could see a lindwurm (catching breath).

Vanquished Creatures
  A hydra (Lair:1)
  A two-headed ogre (D:10)
  Nergalle (Lair:1)
  A black mamba (D:9)
  6 cane toads (Lair:1)
  A komodo dragon (D:9)
  A kobold demonologist (D:10)
  A troll (D:10)
  A hornet (D:9)
  Sigmund (D:4)
  3 wyverns
  20 yaks
  A basilisk (D:9)
  7 vampire mosquitoes
  3 steam dragons
  2 acid dragons
  3 orc warriors (D:7)
  2 water moccasins (D:7)
  A black bear (D:6)
  3 ogres
  3 necrophages
  6 wolves (Lair:1)
  6 centaurs
  2 phantoms
  A kobold brigand (D:10)
  2 scorpions
  5 bullfrogs
  2 water moccasin skeletons (D:5)
  6 killer bees
  3 howler monkeys (D:9)
  2 centaur zombies (D:9)
  A bullfrog zombie (D:6)
  A jelly (D:6)
  A gnoll shaman (D:8)
  5 orc priests
  Crazy Yiuf (D:3)
  5 hounds
  A bullfrog skeleton (D:4)
  A centaur skeleton (D:7)
  An iguana (D:4)
  7 orc wizards
  A killer bee zombie (D:8)
  A howler monkey zombie (D:6)
  5 gnolls (D:8)
  7 adders
  2 shadow imps
  A white imp (D:4)
  2 worms
  35 orcs
  5 bats
  2 endoplasms
  4 giant cockroaches
  6 goblins
  14 hobgoblins
  10 jackals
  16 kobolds
  2 quokkas
  6 ball pythons
  2 frilled lizards (D:1)
  8 rats
  3 fulminant prisms (Lair:1)
254 creatures vanquished.

Vanquished Creatures (others)
  3 fulminant prisms (Lair:1)
  A plant (Lair:1)
4 creatures vanquished.

Grand Total: 258 creatures vanquished

Notes
Turn   | Place    | Note
-------+----------+-------------------------------------------
     0 | D:1      | oldriver the Draconian Conjurer began the quest for the
                  | Orb.
     0 | D:1      | Reached XP level 1. HP: 14/14 MP: 3/3
   486 | D:1      | Reached XP level 2. HP: 20/20 MP: 2/5
   792 | D:1      | Reached skill level 3 in Spellcasting
  1394 | D:2      | Reached XP level 3. HP: 26/26 MP: 5/7
  1397 | D:2      | Learned a level 2 spell: Searing Ray
  1487 | D:2      | Found a faded altar of an unknown god.
  2175 | D:2      | Found an ancient bone altar of Kikubaaqudgha.
  2283 | D:2      | Reached XP level 4. HP: 33/33 MP: 6/9
  2322 | D:2      | Reached skill level 4 in Spellcasting
  2998 | D:3      | Learned a level 4 spell: Iskenderun's Mystic Blast
  3003 | D:3      | Learned a level 4 spell: Fulminant Prism
  3676 | D:3      | Found a runed translucent door.
  3677 | D:3      | Noticed Crazy Yiuf
  3683 | D:3      | Killed Crazy Yiuf
  3684 | D:3      | Reached XP level 5. HP: 38/38 MP: 7/12
  3788 | D:4      | Noticed a necrophage
  3827 | D:4      | Killed a necrophage
  3828 | D:4      | Reached skill level 5 in Spellcasting
  3831 | D:4      | Reached XP level 6. HP: 35/46 MP: 1/14
  4007 | D:4      | Found a large runed translucent door.
  4050 | D:4      | Found a large runed translucent door.
  4055 | D:4      | Found a large runed translucent door.
  4055 | D:4      | Found a large runed translucent door.
  4252 | D:4      | Noticed Sigmund
  4479 | D:4      | Killed Sigmund
  4480 | D:4      | Reached skill level 6 in Spellcasting
  4480 | D:4      | Your scales start taking on a golden yellow colour.
  4480 | D:4      | Reached XP level 7. HP: 46/51 MP: 6/16
  4480 | D:4      | Gained mutation: You are resistant to acid. (rCorr) [Yellow
                  | Draconian growth]
  4795 | D:4      | Noticed a steam dragon
  4804 | D:4      | Killed a steam dragon
  4940 | D:4      | Reached skill level 7 in Spellcasting
  5015 | D:4      | Noticed a yak
  5023 | D:4      | Killed a yak
  5024 | D:4      | Reached skill level 5 in Conjurations
  5287 | D:5      | Entered Level 5 of the Dungeon
  5473 | D:5      | Reached skill level 1 in Fighting
  5473 | D:5      | Reached XP level 8. HP: 34/59 MP: 13/19
  5658 | D:5      | Reached skill level 1 in Translocations
  6249 | D:5      | Reached skill level 8 in Spellcasting
  6659 | D:6      | Reached skill level 1 in Hexes
  7135 | D:6      | Found a runed translucent door.
  7141 | D:6      | Noticed ytrimaz's ghost (novice OpCj)
  7291 | D:6      | Found a runed translucent door.
  7299 | D:6      | Identified the +10 dagger of Sunlight {protect, Int+2}
  7826 | D:6      | Reached XP level 9. HP: 67/67 MP: 14/21
  8635 | D:7      | Found a staircase to the Ecumenical Temple.
  8649 | Temple   | Entered the Ecumenical Temple
  8956 | Temple   | Became a worshipper of Vehumet
  9158 | D:7      | Reached skill level 9 in Spellcasting
  9278 | D:7      | Reached skill level 1 in Shields
 10591 | D:8      | Reached * piety under Vehumet
 10591 | D:8      | Offered knowledge of Foxfire by Vehumet.
 10771 | D:8      | Reached XP level 10. HP: 46/73 MP: 1/23
 10818 | D:7      | Reached skill level 10 in Spellcasting
 11147 | D:8      | Found a bloodstained altar of Trog.
 11657 | D:8      | Found Fizoec's Distillery.
 12488 | D:9      | Reached ** piety under Vehumet
 12488 | D:9      | Offered knowledge of Shock by Vehumet.
 12496 | D:9      | Reached skill level 5 in Translocations
 13005 | D:9      | Paralysed by a hornet for 2 turns
 13659 | D:9      | Found a staircase to the Lair.
 13714 | Lair:1   | Entered Level 1 of the Lair of Beasts
 13722 | Lair:1   | Noticed a cane toad
 13732 | Lair:1   | Reached skill level 11 in Spellcasting
 13732 | Lair:1   | Killed a cane toad
 13747 | Lair:1   | Noticed a black mamba
 13751 | Lair:1   | Noticed a cane toad
 13757 | D:9      | Reached XP level 11. HP: 36/80 MP: 3/26
 14143 | D:10     | Entered Level 10 of the Dungeon
 14431 | D:10     | Noticed a two-headed ogre
 14444 | D:10     | Killed a two-headed ogre
 14660 | D:10     | Found a runed translucent gate.
 14661 | D:10     | Found a runed translucent gate.
 14661 | D:10     | Found a runed translucent gate.
 14666 | D:10     | Noticed IdlyInterested's ghost (journeyman DsMo)
 15044 | D:10     | Found a hide-covered altar of Uskayaw.
 15098 | D:10     | Offered knowledge of Frozen Ramparts by Vehumet.
 15111 | D:10     | Reached skill level 1 in Staves
 15435 | D:10     | Found Soomm's Weapon Shop.
 15765 | D:11     | Noticed a two-headed ogre
 15771 | D:11     | Reached *** piety under Vehumet
 16329 | Lair:1   | Noticed Nergalle
 16348 | Lair:1   | Gained mutation: Your spells are a little easier to cast,
                  | but a little less powerful. [potion of mutation]
 16348 | Lair:1   | Gained mutation: You have a pair of small antennae on your
                  | head. [potion of mutation]
 16348 | Lair:1   | Gained mutation: You are occasionally teleported next to
                  | monsters. [potion of mutation]
 16348 | Lair:1   | Gained mutation: You are agile. (Dex +2) [potion of
                  | mutation]
 16359 | Lair:1   | Killed Nergalle
 16360 | Lair:1   | Reached skill level 12 in Spellcasting
 16557 | Lair:1   | Reached skill level 5 in Hexes
 16846 | Lair:1   | Noticed a four-headed hydra
 16854 | Lair:1   | Killed a four-headed hydra
 17237 | Lair:1   | Noticed a lindwurm
 17247 | Lair:1   | Killed from afar by a lindwurm

Illustrated notes

Levels and vault maps discovered:
D:1:      minmay_arrival_plants_in_alcoves, layout_rooms
D:2:      layout_loops_cross, basic_altar,
          hellmonk_ecumenical_altar_prayer_group, corexii_leaking_fountain
D:3:      wander_river, layout_loops_cross, uniq_crazy_yiuf_cottage
D:4:      layout_rooms, minmay_hollow_rounded_squares, uniq_sigmund
D:5:      layout_loops_ring
D:6:      layout_layer_cave, ebering_ghost_sewer_f
D:7:      layout_loops_ring, minmay_temple_entry_tees, minivault_1
D:8:      layout_gridville, trog_hazing_becter, serial_shops,
          nicolae_shop_hallway_stairs
D:9:      layout_basic, erik_lair_dragon, minmay_misc_feat_ornament
D:10:     layout_basic, mainiacjoe_overflow_paths, serial_shops,
          nicolae_shop_bloodbath_and_beyond, gammafunk_ghost_necromancy
D:11:     layout_rooms, uniq_harold
Temple:   mainiacjoe_temple_cubbyholes
Lair:1:   layout_chaotic_city, nicolae_lair_lindhole, uniq_nergalle

Skill      XL: |  1  2  3  4  5  6  7  8  9 10 11 |
---------------+----------------------------------+-----
Spellcasting   | 3 4 5 6 7 8 9 11 12 | 12.3
Dodging        | 2 3 4 |  4.0
Stealth        | 2 3 4 |  4.3
Conjurations   | 5 6 7 8 9 |  9.1
Fighting       | 1 2 3 |  3.0
Translocations | 2 4 5 6 |  6.3
Hexes          | 1 2 4 5 |  5.1
Shields        | 1 2 3 |  3.2
Staves         | 1 |  1.4
Unarmed Combat | |  0.4
Evocations     | |  0.1

Action                   |  1- 3 |  4- 6 |  7- 9 | 10-12 || total
-------------------------+-------+-------+-------+-------++-------
Melee: Unarmed           |    20 |       |       |       ||    20
       Tailslap          |     3 |     2 |       |     2 ||     7
       Dagger            |    53 |     6 |       |       ||    59
       Quarterstaff      |       |       |       |    13 ||    13
 Cast: Magic Dart        |    99 |    84 |   199 |   147 ||   529
       Searing Ray       |       |     8 |    49 |    58 ||   115
       Iskenderun's Myst |       |       |     3 |    34 ||    37
       Fulminant Prism   |       |       |       |     6 ||     6
Evoke: Wand              |       |       |       |     3 ||     3
  Use: Potion            |       |     3 |       |     6 ||     9
       Scroll            |       |     4 |     5 |     4 ||    13
Armor: Skin              |    53 |     4 |    26 |    48 ||   131
Dodge: Dodged            |    81 |     7 |    52 |    97 ||   237
Block: Other             |       |     3 |    24 |    38 ||    65
       Reflection        |       |       |     2 |     3 ||     5

Table legend: (Time is in decaauts)
 A = Elapsed time spent in this place.
 B = Non-inter-level travel time spent in this place.
 C = Inter-level travel time spent in this place.
 D = Time resting spent in this place.
 E = Time spent auto-exploring this place.
 F = Levels seen in this place.
 G = Mean time per level.
                   A        B        C        D        E       F      G
               +--------+--------+--------+--------+--------+-----+--------+
         Total |  17276 |  16441 |    835 |   5289 |   9190 |  13 | 1328.9 |
       Dungeon |  15680 |  14913 |    767 |   4858 |   8219 |  11 | 1425.5 |
        Temple |    356 |    290 |     66 |      0 |    289 |   1 |  356.0 |
          Lair |   1239 |   1238 |      1 |    431 |    682 |   1 | 1239.0 |
               +--------+--------+--------+--------+--------+-----+--------+

Top non-repeatable levels by time:
     D:9: 2398 daAuts
     D:6: 1782 daAuts
    D:10: 1746 daAuts
     D:7: 1740 daAuts
     D:3: 1457 daAuts
     D:5: 1356 daAuts
     D:8: 1347 daAuts
     D:1: 1329 daAuts
     D:4: 1322 daAuts
  Lair:1: 1239 daAuts
     D:2: 1189 daAuts
  Temple: 356 daAuts
    D:11: 8 daAuts
